 Dungeon Crawl Stone Soup version 0.26-a0-667-g92642533e4 (webtiles) character file.

Game seed: 3861375613765887816

(classic levelgen) 86 EnegeticOcto the Conjurer (level 4, 0/24 HPs)
             Began as a Gargoyle Air Elementalist on Oct 18, 2020.
             Slain by a gnoll (2 damage)
             ... on level 2 of the Dungeon.
             The game lasted 00:04:13 (564 turns).

EnegeticOcto the Conjurer (GrAE)                     Turns: 564, Time: 00:04:14

Health: 0/24       AC:  7    Str: 11    XL:     4   Next: 50%
Magic:  1/7        EV: 12    Int: 16    God:
Gold:   27         SH:  0    Dex: 11    Spells: 6/7 levels left

rFire    + . .     SeeInvis .   g - +0 short sword
rCold    + . .     Faith    .   (no shield)
rNeg     + . .     Spirit   .   a - +0 robe
rPois    ∞         Reflect  .   (no helmet)
rElec    +         Harm     .   (no cloak)
rCorr    +         Rampage  .   c - +0 pair of gloves
MR       .....                  d - +0 pair of boots
Stlth    ++........             (no amulet)
HPRegen  0.08/turn              (no ring)
MPRegen  0.10/turn              (no ring)

@: brilliant, resistant, very slightly contaminated, slowed, invisible
(expiring), very slow
A: negative energy resistance 1, electricity resistance, unbreathing,
petrification resistance, rot immunity, AC +3
a: no special abilities


You were on level 2 of the Dungeon.
You visited 1 branch of the dungeon, and saw 2 of its levels.

You collected 27 gold pieces.

Inventory:

Hand Weapons
 g - a +0 short sword (weapon)
Armour
 a - a +0 robe (worn)
 c - a +0 pair of gloves (worn)
 d - a +0 pair of boots (worn)
Scrolls
 e - a scroll of enchant weapon {unknown}
 f - a scroll of amnesia {unknown}


   Skills:
 - Level 1.5 Dodging
 - Level 2.1 Stealth
 - Level 2.0 Spellcasting
 + Level 4.4 Conjurations
 + Level 2.6 Air Magic


You had 6 spell levels left.
You knew the following spells:

 Your Spells              Type           Power        Failure   Level
a - Shock                 Conj/Air       ###.         4%          1

Your spell library contained the following spells:

 Spells                   Type           Power        Failure   Level
 Swiftness                Air            ##......     11%         2
 Static Discharge         Conj/Air       ###.....     14%         3
 Airstrike                Air            ##........   56%         4
 Lightning Bolt           Conj/Air       ###.......   80%         5


Dungeon Overview and Level Annotations

Branches:
Dungeon (2/15)

Altars:


Innate Abilities, Weirdness & Mutations

You are resistant to torment.
Your stone body is resilient. (AC +3)
You are immune to poison.
You resist negative energy. (rN+)
You are resistant to electric shocks. (rElec)
You can survive without breathing.
You are immune to petrification.
You are immune to rotting.


Message History

Natasha is severely wounded.
Natasha claws you. The giant cockroach barely misses you.
You hit Natasha but do no damage.
Natasha is severely wounded.
The giant cockroach bites you but does no damage.
Natasha claws you but does no damage.
You closely miss Natasha.
Natasha is severely wounded.
The giant cockroach closely misses you.
Natasha howls an incantation.
Natasha's front paws start to glow.
Natasha misses you. The giant cockroach closely misses you.
You hit Natasha but do no damage.
Natasha is severely wounded.
Natasha closely misses you. The giant cockroach closely misses you.
You hit Natasha but do no damage.
Natasha is severely wounded.
Natasha closely misses you. The giant cockroach closely misses you.
Natasha claws you but does no damage.
You hit the giant cockroach.
The giant cockroach is moderately wounded.
The giant cockroach misses you.
Natasha casts a spell.
The giant cockroach bites you but does no damage.
You hit the giant cockroach but do no damage.
The giant cockroach is moderately wounded.
The giant cockroach bites you. Natasha claws you but does no damage.
You hit the giant cockroach but do no damage.
The giant cockroach is moderately wounded.
The giant cockroach bites you. Natasha barely misses you.
You strike the helpless giant cockroach from behind!
You hit the giant cockroach.
The giant cockroach is almost dead.
Natasha claws you.
The giant cockroach bites you but does no damage.
Casting: Shock (safe; 5% risk of failure)
Confirm with . or Enter, or press ? or * to list all spells.
Aiming: Shock (safe; 5% risk of failure)
Press: ? - help, Shift-Dir - straight line, f/p - Natasha
Aim: Natasha (severely wounded)
You feel a surge of power!
The zap hits Natasha.
Natasha is severely wounded.
The zap hits the crimson imp.
The crimson imp is moderately wounded.
The zap hits the crimson imp.
The crimson imp is heavily wounded.
The gnoll shouts!
Natasha stares at you and mumbles some strange words.
You feel yourself slow down. The giant cockroach barely misses you.
You barely miss Natasha.
Natasha is severely wounded.
The giant cockroach barely misses you. Natasha claws you but does no damage.
The giant cockroach barely misses you. Natasha claws you!
* * * LOW HITPOINT WARNING * * *
You closely miss Natasha.
Natasha is severely wounded.
The giant cockroach bites you but does no damage.
Natasha closely misses you.
The crimson imp grinds its teeth.
The giant cockroach bites you but does no damage.
Really quaff
b - a potion of curing {@q1 !q}?
You feel better.
Natasha casts a spell.
The giant cockroach completely misses you.
Natasha stares at you and mumbles some strange words.
The magic dart hits you.
The crimson imp laughs crazily.
You hit Natasha.
You kill Natasha!
Natasha screams in fury as she dies!
The crimson imp disappears in a puff of smoke!
The shadow imp disappears in a puff of smoke!
The giant cockroach closely misses you. The giant cockroach barely misses you.
The gnoll misses you. The giant cockroach barely misses you.
You closely miss the gnoll.
The giant cockroach waves its antennae.
The giant cockroach bites you but does no damage.
The gnoll hits you but does no damage.
You hit the gnoll.
The gnoll is moderately wounded.
The giant cockroach barely misses you. The gnoll hits you.
The giant cockroach closely misses you. The gnoll hits you.
* * * LOW HITPOINT WARNING * * *
You hit the gnoll.
The gnoll is moderately wounded.
The giant cockroach bites you.
* * * LOW HITPOINT WARNING * * *
The gnoll hits you but does no damage. The giant cockroach misses you.
You hit the gnoll.
The gnoll is severely wounded.
The giant cockroach barely misses you. The gnoll barely misses you.
The giant cockroach barely misses you. The gnoll barely misses you.
The giant cockroach barely misses you.
You barely miss the gnoll.
The gnoll is severely wounded.
You flicker for a moment.
The gnoll hits you but does no damage.
The giant cockroach bites you but does no damage.
The gnoll hits you.
You die...

#...#...# #####....# ......g###
#### #.#### .. .#####.# ...
...... ... #B# #.## ##..## #.#
#.# #..####...... ... #.#
#......# #.###.#
#†###########....### #......
######.......†gB@g.#....###.....#
.†.......##############.........#
########.# #####.##..# ....# #.#
#..##... ....# #.### ######
#.###... <...####...## #....##..#
##.. .........#..## #....#..# ##.
.)..####.....######......# #.
........................# ##


You could see 2 gnolls and a giant cockroach.

Vanquished Creatures
  Natasha (twice) (D:2)
  A gnoll (D:1)
  A worm (D:2)
  A ball python (D:2)
  2 giant cockroaches (D:1)
  3 goblins
  3 hobgoblins
  4 jackals (D:2)
  A kobold (D:1)
  2 bats (D:1)
  5 rats
25 creatures vanquished.

Notes
Turn   | Place    | Note
-------+----------+-------------------------------------------
     0 | D:1      | EnegeticOcto the Gargoyle Air Elementalist began the quest
                  | for the Orb.
     0 | D:1      | Reached XP level 1. HP: 10/10 MP: 3/3
   151 | D:1      | Reached skill level 2 in Conjurations
   161 | D:1      | Reached XP level 2. HP: 13/15 MP: 1/5
   331 | D:2      | Reached skill level 3 in Conjurations
   361 | D:2      | Reached XP level 3. HP: 11/19 MP: 3/6
   514 | D:2      | Noticed Natasha
   520 | D:2      | Killed Natasha
   520 | D:2      | Reached skill level 4 in Conjurations
   520 | D:2      | Reached XP level 4. HP: 13/24 MP: 1/7
   535 | D:2      | Noticed Natasha
   559 | D:2      | Killed Natasha
   564 | D:2      | Slain by a gnoll

Illustrated notes

Levels and vault maps discovered:
D:1:      minmay_arrival_solitary_statue, layout_basic,
          chequers_serial_rivers_room_a
D:2:      layout_rooms, uniq_natasha

Skill      XL: |  1  2  3 |
---------------+----------+-----
Conjurations   | 2 3 4 |  4.4
Dodging        | |  1.5
Stealth        | |  2.1
Spellcasting   | |  2.0
Air Magic      | |  2.6

Action                   |  1- 3 |  4- 6 || total
-------------------------+-------+-------++-------
Melee: Unarmed           |    18 |       ||    18
       Short sword       |    22 |    17 ||    39
 Cast: Shock             |    30 |     6 ||    36
  Use: Potion            |       |     6 ||     6
 Stab: Invisible         |       |     1 ||     1
Armor: Robe              |    18 |    20 ||    38
Dodge: Dodged            |    39 |    36 ||    75

Table legend: (Time is in decaauts)
 A = Elapsed time spent in this place.
 B = Non-inter-level travel time spent in this place.
 C = Inter-level travel time spent in this place.
 D = Time resting spent in this place.
 E = Time spent auto-exploring this place.
 F = Levels seen in this place.
 G = Mean time per level.
                   A        B        C        D        E       F      G
               +--------+--------+--------+--------+--------+-----+--------+
         Total |    573 |    564 |      9 |      0 |      0 |   2 |  286.5 |
       Dungeon |    573 |    564 |      9 |      0 |      0 |   2 |  286.5 |
               +--------+--------+--------+--------+--------+-----+--------+

Top non-repeatable levels by time:
     D:1: 338 daAuts
     D:2: 235 daAuts
